cohdb
Replays
Latest Replays
All Replays
Popular Replays
Top Player Replays
Match Explorer
How It Works
Community
CoH3 Stats
Reddit
Sign in to upload your games and track your stats! →
Sign in with Steam
Match 42692704
Unlisted
Match 42692704
Overview
Messages
Build Orders
End
Vickers Machine Gun Team
Construct Section Command Post
Infantry Section
Selects Heavy Armor Battlegroup
Selects Heavy Armor Battlegroup
Infantry Section
Infantry Section
Construct Platoon Command Post
Humber Armored Car
6-pounder Anti-tank Gun Team
CMP 15cwt Truck
Humber Armored Car
Infantry Section
Vickers Machine Gun Team
Selects Light Vehicle Withdraw and Refit
Selects Radio Net
Selects Recon Artillery
Recon Artillery
Construct Company Command Post
Grenade Package
Matilda II Heavy Tank
Selects Rigorous Vehicle Training
Selects Forward Repair Assembly
Recon Artillery
Matilda II Heavy Tank
6-pounder Anti-tank Gun Team
Recon Artillery
Matilda II Heavy Tank
Royal Engineer Section
Matilda II Heavy Tank
Recon Artillery
Infantry Section
Selects Churchill Black Prince Heavy Tank
Infantry Section
Recon Artillery
Churchill Black Prince Heavy Tank
Ryan
mariopl97
Royale with Cheese
Nashorn101
0
0
Comments
sign in to comment!
No comments posted yet!